 Dungeon Sprint DCSS version 0.30.1-4-g462c640d31 (webtiles) character file.

Game seed: 14069324685330161279

10887 Heoruswealwe the Ninja (level 11, -1/48 HPs)
             Began as a Spriggan Artificer on Aug 29, 2023.
             Was a High Priest of Sif Muna.
             Slain by a lorocyproca (23 damage)
             ... in the Dungeon (Sprint I: "Red Sonja").
             The game lasted 00:15:52 (1070 turns).

Heoruswealwe the Ninja (Spriggan Artificer)         Turns: 1070, Time: 00:15:52

Health: -1/48      AC:  4    Str:  8    XL:     11   Next: 42%
Magic:  1/12       EV: 30    Int: 16    God:    Sif Muna [*****.]
Gold:   966        SH:  0    Dex: 17    Spells: 10/10 levels left

rFire   . . .        r - +0 short sword
rCold   . . .        (no shield)
rNeg    . . .        c - +0 troll leather armour
rPois   .            (helmet restricted)
rElec   .            (no cloak)
rCorr   .            (gloves unavailable)
SInv    +            (boots unavailable)
Will    +....        q - amulet of the acrobat
Stlth   +++++++++    (no ring)
HPRegen 1.08/turn    (no ring)
MPRegen 0.13/turn

%: no teleportation, acrobat
@: very quick
A: very small, no large weapons, unfitting armour, see invisible, speed 3
a: Renounce Religion, Channel Magic, Forget Spell, Divine Exegesis


You were in the Dungeon.
You worshipped Sif Muna.
Sif Muna was extremely pleased with you.
You visited 1 branch You collected 1351 gold pieces.
You spent 356 gold pieces at shops.
You donated 29 gold pieces to Zin.

Inventory:

Hand Weapons
 a - a +0 long sword
 r - a +0 short sword (weapon)
Armour
 c - a +0 troll leather armour (worn)
 t - the +0 cloak of Patterns {Str+3}
   (You bought it in a shop in the Dungeon)

   Str:       It affects your strength (+3).
Jewellery
 e - the amulet of Duorph {Faith rF+}
   (You found it in the Dungeon)

   [amulet of faith]

   It allows you to gain divine favour quickly.
   rF:        It protects you from fire.
 q - an amulet of the acrobat (around neck)
Wands
 d - a wand of charming (11)
Scrolls
 b - a scroll of poison
 k - a scroll of blinking
 n - a scroll of immolation
 o - 2 scrolls of identify
Potions
 f - 3 potions of curing
 g - 2 potions of heal wounds
 h - a potion of haste
 i - 3 potions of magic
 j - a potion of berserk rage
 p - a potion of might
 s - a potion of cancellation


   Skills:
 - Level 0.7 Fighting
 + Level 19.9 Dodging
 O Level 27 Stealth
 + Level 20.0 Evocations


You had 10 spell levels left.
You didn't know any spells.
Your spell library contained the following spells:

 Spells                   Type           Power      Damage    Failure   Level
 Shock                    Conj/Air       0%         1d3       36%         1
 Ensorcelled Hibernation  Hex/Ice        0%         N/A       50%         2
 Call Canine Familiar     Summ           0%         N/A       73%         3
 Spider Form              Tmut/Pois      0%         N/A       73%         3
 Vhi's Electric Charge    Tloc/Air       0%         N/A       73%         3
 Anguish                  Hex/Necr       0%         N/A       98%         4
 Animate Armour           Summ/Erth      0%         N/A       98%         4
 Animate Dead             Necr           0%         N/A       98%         4
 Borgnjor's Vile Clutch   Necr/Erth      0%         N/A       100%        5
 Death Channel            Necr           0%         N/A       100%        6
 Dragon's Call            Summ           0%         N/A       100%        9


Dungeon Overview and Level Annotations

Branches:
Dungeon (1/1)

Altars:
Cheibriados
Dithmenos
Elyvilon
Fedhas
Gozag
Hepliaklqana
Kikubaaqudgha
Makhleb
Nemelex Xobeh
Okawaru
Qazlal
Ru
Sif Muna
Trog
Uskayaw
Vehumet
Wu Jian
Xom
Yredelemnul
Zin
The Shining One
Jiyva
Lugonu

Shops:
D [!=[!!*[=[![[!:[[*:[*


Innate Abilities, Weirdness & Mutations

You are very small and have problems with some larger weapons.
You are too small for most types of armour.
You have supernaturally acute eyesight. (SInv)
You cover ground extremely quickly. (Speed+++)


Message History

You're too confused to move!
The lorocyproca hits you!!
Ouch! That really hurt!
You feel your power leaking away.
You are engulfed in noxious fumes.
You choke on the stench!
You are more confused.
You are engulfed in noxious fumes.
You choke on the stench!
You are more confused.
The lorocyproca completely misses you. The lorocyproca completely misses you.
The lorocyproca completely misses you. The lorocyproca closely misses you.
The lorocyproca closely misses you. The lorocyproca closely misses you.
The lorocyproca barely misses you.
You feel less confused. The lorocyproca closely misses you.
Aiming: Charm
Press: ? - help, Shift-Dir - straight line, f/p - lorocyproca
Aim: a lorocyproca (slightly transparent, chance to affect: 2%)
The lorocyproca resists with almost no effort.
The lorocyproca hits you!
You feel your power leaking away.
Aiming: Mindburst
Press: ? - help, Shift-Dir - straight line, f/p - lorocyproca
Aim: a lorocyproca (slightly transparent, chance to affect: 18%)
The lorocyproca resists with almost no effort.
The lorocyproca closely misses you.
Aiming: Mindburst
Press: ? - help, Shift-Dir - straight line, f/p - lorocyproca
Aim: a lorocyproca (slightly transparent, chance to affect: 18%)
The lorocyproca resists with almost no effort.
The now-empty wand crumbles to dust.
The lorocyproca completely misses you.
Aiming: Charm
Press: ? - help, Shift-Dir - straight line, f/p - lorocyproca
Aim: a lorocyproca (slightly transparent, chance to affect: 2%)
The lorocyproca resists with almost no effort.
The lorocyproca closely misses you.
You barely miss the lorocyproca. The lorocyproca hits you!
You miss the lorocyproca. The lorocyproca hits you!!
You die...

####################
#.)'..#__#..'..)#).#
'..#..'..'..#...##'#
#####'#__####)..+.†# ##
#...#[####§.#####†.+ +#$###
#..##.#§§§§§#§§##+####..$#y#
##'#_.'§~§§.§§§#.°°☼○#..$###
.'..._#~§)..#§.#@2○○.'..$$$#
##_.#'##'#####'###..○#.....#
###'#)#.§[[###.'.#...###++##
###.####'###.###.#..##
.'...'.[...'.∩##.#..#
##.).###########§##+#
###.###.......##§##(#
#.#'#.#.......§§§####
#.....#'''######.#


You could see a lorocyproca (invisible).

Vanquished Creatures
  An anaconda (D)
  2 centaur warriors (D)
  Sonja (D)
  A deep troll (D)
  An oklob plant (D)
  8 shining eyes (D)
  A gargoyle (D)
  4 demonic crawlers (D)
  2 unseen horrors (D)
  2 kobold demonologists (D)
  A hornet (D)
  Sigmund (D)
  A yak (D)
  2 redbacks (D)
  6 floating eyes (D)
  An ogre (D)
  7 necrophages (D)
  8 jellies (D)
  Ijyb (D)
  A ballistomycete spore (D)
52 creatures vanquished.

Vanquished Creatures (others)
  A ballistomycete spore (D)
1 creature vanquished.

Grand Total: 53 creatures vanquished

Notes
Turn   | Place    | Note
-------+----------+-------------------------------------------
     0 | D        | Heoruswealwe the Spriggan Artificer began the quest for the
                  | Orb.
     0 | D        | Reached XP level 1. HP: 9/9 MP: 2/2
     1 | D        | Noticed Ijyb
     6 | D        | Killed Ijyb
     7 | D        | Reached skill level 6 in Stealth
     7 | D        | Reached skill level 5 in Evocations
     7 | D        | Reached XP level 2. HP: 14/14 MP: 3/3
    12 | D        | Noticed an ogre
    28 | D        | Killed an ogre
    29 | D        | Reached skill level 10 in Stealth
    29 | D        | Reached XP level 3. HP: 17/17 MP: 4/4
    29 | D        | Reached XP level 4. HP: 21/21 MP: 5/5
    47 | D        | Noticed Sigmund
    50 | D        | Killed Sigmund
    51 | D        | Reached skill level 13 in Stealth
    51 | D        | Reached XP level 5. HP: 25/25 MP: 6/6
    51 | D        | Reached XP level 6. HP: 29/29 MP: 7/7
    64 | D        | Found an ornate altar of the Wu Jian Council.
    64 | D        | Found a shimmering blue altar of Sif Muna.
    69 | D        | Reached skill level 14 in Stealth
    69 | D        | Found a radiant altar of Vehumet.
    98 | D        | Found Ohasokej's Armour Emporium.
    98 | D        | Found an ancient bone altar of Kikubaaqudgha.
    98 | D        | Found a hazy altar of Hepliaklqana.
    98 | D        | Found a stormy altar of Qazlal.
    98 | D        | Found a hide-covered altar of Uskayaw.
    98 | D        | Found a blossoming altar of Fedhas.
    98 | D        | Found a bloodstained altar of Trog.
    98 | D        | Found an iron altar of Okawaru.
    98 | D        | Found a basalt altar of Yredelemnul.
    98 | D        | Found a glowing golden altar of the Shining One.
    98 | D        | Found a snail-covered altar of Cheibriados.
    98 | D        | Found a sacrificial altar of Ru.
    98 | D        | Found a glowing silver altar of Zin.
    98 | D        | Found a shadowy altar of Dithmenos.
    98 | D        | Found a white marble altar of Elyvilon.
    98 | D        | Noticed a yak
    99 | D        | Found an opulent altar of Gozag.
   113 | D        | Killed a yak
   114 | D        | Reached skill level 10 in Dodging
   114 | D        | Reached skill level 15 in Stealth
   114 | D        | Reached skill level 10 in Evocations
   124 | D        | Found a sparkling altar of Nemelex Xobeh.
   129 | D        | Became a worshipper of Zin the Law-Giver
   129 | D        | Reached * piety under Zin
   129 | D        | Reached ** piety under Zin
   129 | D        | Reached *** piety under Zin
   129 | D        | Reached **** piety under Zin
   129 | D        | Reached ***** piety under Zin
   129 | D        | Reached ****** piety under Zin
   139 | D        | Noticed Sonja
   140 | D        | Killed Sonja
   141 | D        | Reached skill level 18 in Stealth
   141 | D        | Reached XP level 7. HP: 32/32 MP: 8/8
   141 | D        | Reached XP level 8. HP: 37/37 MP: 9/9
   158 | D        | Found Pedesaev's Antique Armour Boutique.
   170 | D        | Noticed a shining eye
   170 | D        | Noticed a shining eye
   170 | D        | Noticed a shining eye
   170 | D        | Noticed a shining eye
   170 | D        | Noticed a shining eye
   170 | D        | Noticed a shining eye
   172 | D        | Paralysed by a floating eye for 4 turns
   178 | D        | Paralysed by a floating eye for 4 turns
   186 | D        | Reached skill level 19 in Stealth
   186 | D        | Paralysed by a floating eye for 3 turns
   191 | D        | Paralysed by a floating eye for 2 turns
   216 | D        | Killed a shining eye
   217 | D        | Reached skill level 20 in Stealth
   237 | D        | Killed a shining eye
   238 | D        | Reached skill level 21 in Stealth
   238 | D        | Reached XP level 9. HP: 40/40 MP: 10/10
   252 | D        | Killed a shining eye
   253 | D        | Reached skill level 22 in Stealth
   266 | D        | Killed a shining eye
   283 | D        | Killed a shining eye
   284 | D        | Reached skill level 23 in Stealth
   284 | D        | Reached skill level 15 in Evocations
   287 | D        | Noticed a shining eye
   287 | D        | Noticed a shining eye
   304 | D        | Killed a shining eye
   305 | D        | Reached skill level 15 in Dodging
   315 | D        | Killed a shining eye
   316 | D        | Reached skill level 24 in Stealth
   316 | D        | Reached XP level 10. HP: 44/44 MP: 11/11
   330 | D        | Killed a shining eye
   334 | D        | Found Ihuff's Distillery.
   334 | D        | Found Icyg's Jewellery Emporium.
   334 | D        | Found Iceqol's Distillery.
   335 | D        | Found Jowkar's Distillery.
   370 | D        | Fell from the grace of Zin
   370 | D        | Became a worshipper of Sif Muna the Loreminder
   480 | D        | Noticed a deep troll
   482 | D        | Killed a deep troll
   483 | D        | Reached skill level 25 in Stealth
   505 | D        | Found Asax's Armour Emporium.
   527 | D        | Noticed a centaur warrior
   529 | D        | Killed a centaur warrior
   530 | D        | Noticed a centaur warrior
   532 | D        | Killed a centaur warrior
   532 | D        | Reached * piety under Sif Muna
   533 | D        | Reached skill level 26 in Stealth
   699 | D        | Noticed an oklob plant
   701 | D        | Killed an oklob plant
   711 | D        | Reached ** piety under Sif Muna
   745 | D        | Reached skill level 27 in Stealth
   746 | D        | Reached *** piety under Sif Muna
   753 | D        | Reached **** piety under Sif Muna
   754 | D        | Reached XP level 11. HP: 42/48 MP: 12/12
   761 | D        | Reached ***** piety under Sif Muna
   761 | D        | Received a gift from Sif Muna
   792 | D        | Identified the amulet of Duorph {Faith rF+}
   800 | D        | Found Qoxzuek's Antique Armour Shoppe.
   800 | D        | Found Jaitueq's General Store.
   800 | D        | Found Bushre Qeto's Jewellery Boutique.
   806 | D        | Found Hiryon's Assorted Antiques.
   806 | D        | Found Imiuq's General Store.
   806 | D        | Found Qasen's Book Emporium.
   808 | D        | Found Onuix's Antique Armour Boutique.
   808 | D        | Found Jimoops's Antique Armour Shoppe.
   808 | D        | Found Wuvegodu's Book Shop.
   808 | D        | Found Ogod's Distillery.
   808 | D        | Found Dusothrio's Antique Armour Boutique.
   808 | D        | Found Remot's Antique Armour Shoppe.
   808 | D        | Found Fed Puon's Distillery.
   811 | D        | Bought a dark potion for 20 gold pieces
   811 | D        | Bought a scroll labelled JOHIEPN IVVUDO for 23 gold pieces
   811 | D        | Bought a lumpy orange potion for 20 gold pieces
   811 | D        | Bought a scroll labelled JOHIEPN IVVUDO for 23 gold pieces
   812 | D        | Found Jepteun's Armour Emporium.
   822 | D        | Bought a pitted cloak for 218 gold pieces
   822 | D        | Identified the +0 cloak of Patterns {Str+3} (You bought it
                  | in a shop in the Dungeon)
   834 | D        | Bought 2 scrolls of identify for 52 gold pieces
   881 | D        | Found a burning altar of Makhleb.
   881 | D        | Found a viscous altar of Jiyva.
   881 | D        | Found a shimmering altar of Xom.
   881 | D        | Found a corrupted altar of Lugonu.
   883 | D        | a slime creature changed into an anaconda
   883 | D        | Noticed an anaconda
   895 | D        | Killed an anaconda
   895 | D        | Received a gift from Sif Muna
   953 | D        | Received a gift from Sif Muna
   957 | D        | Got Vuomas's Discourse on Electricity and the Legion {god
                  | gift}
  1035 | D        | Noticed a lorocyproca
  1070 | D        | Slain by a lorocyproca

Illustrated notes

Levels and vault maps discovered:
D:        dungeon_sprint_1 [red_sonja_temple_1, red_sonja_temple_small_1]

Skill      XL: |  1  2  3  4  5  6  7  8  9 10 11 |
---------------+----------------------------------+-----
Dodging        | 4 6 8 11 13 15 17 19 | 19.9
Stealth        | 6 10 13 18 21 24 27 | 27.0
Evocations     | 5 7 9 12 14 15 17 20 | 20.0
Fighting       | |  0.7

Action                     |  1- 3 |  4- 6 |  7- 9 | 10-12 || total
---------------------------+-------+-------+-------+-------++-------
  Melee: Club              |     1 |       |       |       ||     1
         Long sword        |       |     1 |   114 |    11 ||   126
         Punch             |       |       |     3 |       ||     3
         Short sword       |       |       |       |    26 ||    26
  Evoke: Wand              |     6 |     9 |       |    36 ||    51
    Use: Scroll            |       |       |       |     4 ||     4
   Stab: Sleeping          |     1 |     1 |     2 |    14 ||    18
         Distracted        |       |       |     1 |       ||     1
 Armour: Troll leather arm |       |       |       |     2 ||     2
  Dodge: Dodged            |     1 |     1 |       |    72 ||    74
